 Dungeon Sprint DCSS version 0.28-a0-919-g0b5b508569 (webtiles) character file.

Game seed: 7225151842771287065

984 SmokeWeed the Fighter (level 7, -12/124 HPs)
             Began as a Troll Warper on Nov 25, 2021.
             Was a Believer of Trog.
             Mangled by a komodo dragon (30 damage)
             ... in the Dungeon (Sprint IX: "|||||||||||||||||||||||||||||").
             The game lasted 00:02:32 (187 turns).

SmokeWeed the Fighter (Troll Warper)                 Turns: 187, Time: 00:02:33

Health: -12/124    AC:  4    Str: 22    XL:     7   Next: 97%
Magic:  10/10      EV: 12    Int: 12    God:    Trog [**....]
Gold:   0          SH:  0    Dex: 12    Spells: 11/11 levels left

rFire   + + .      SeeInvis .   j - +2 morningstar "Buesuirgh" {vorpal, *Corrode rElec rF++ Stlth-}
rCold   . . .      Faith    .   (no shield)
rNeg    . . .      Spirit   .   a - +0 robe
rPois   .          Reflect  .   (helmet restricted)
rElec   +          Harm     .   (no cloak)
rCorr   .          Rampage  .   (gloves unavailable)
Will    ++...      NoTele   +   (boots unavailable)
Stlth   ..........              (no amulet)
HPRegen 2.10/turn               k - +3 ring of dexterity
MPRegen 0.12/turn               l - +3 ring of intelligence

@: berserking, strong-willed, regenerating, hasted, very quick
A: large, unfitting armour, claws 3, regeneration 1, shaggy fur 1, tough skin 1
a: Renounce Religion, Berserk, Trog's Hand


You were in the Dungeon.
You worshipped Trog.
Trog was pleased with you.
You visited 1 branch

Inventory:

Hand Weapons
 j - the +2 morningstar "Buesuirgh" (weapon) {vorpal, *Corrode rElec rF++ Stlth-}
   (You found it in the Dungeon)

   It inflicts extra damage upon your enemies.
   rF:        It greatly protects you from fire.
   rElec:     It insulates you from electricity.
   *Corrode:  It may corrode you when you take damage.
   Stlth:     It makes you less stealthy.
Missiles
 c - 5 boomerangs of dispersal (quivered)
Armour
 a - a +0 robe (worn)
Jewellery
 k - a +3 ring of dexterity (left claw)
 l - a +3 ring of intelligence (right claw)
Wands
 i - a wand of iceblast (10)
Scrolls
 b - 3 scrolls of blinking
Potions
 g - 4 potions of magic
 h - 4 potions of curing


   Skills:
 + Level 9.2 Fighting
 - Level 2.1 Maces & Flails
 - Level 1.6 Throwing
 - Level 6.6 Dodging
 - Level 7.3 Unarmed Combat
 - Level 2.9 Spellcasting
 - Level 6.1 Translocations


You had 11 spell levels left.
You didn't know any spells.
Your spell library contained the following spells:

 Spells                   Type           Power      Damage    Failure   Level
 Blink                    Tloc           32%        N/A       3%          2
 Gell's Gravitas          Tloc           16%        N/A       6%          3
 Lesser Beckoning         Tloc           16%        N/A       6%          3
 Teleport Other           Tloc           16%        N/A       6%          3
 Manifold Assault         Tloc           16%        N/A       50%         5


Dungeon Overview and Level Annotations

Branches:
Dungeon (1/1)

Altars:
Cheibriados
Dithmenos
Elyvilon
Fedhas
Gozag
Hepliaklqana
Kikubaaqudgha
Makhleb
Nemelex Xobeh
Okawaru
Qazlal
Ru
Sif Muna
Trog
Uskayaw
Vehumet
Wu Jian
Xom
Yredelemnul
Zin
The Shining One
Beogh
Jiyva
Lugonu


Innate Abilities, Weirdness & Mutations

You are too large for most types of armour.
You have claws for hands.
Your natural rate of healing is unusually fast.
You are covered in fur. (AC +1)
You have tough skin. (AC +1)


Message History

The shadow flickers and vanishes!
Deactivating autopickup; reactivate with Ctrl-A.
The shadow strikes at you from the darkness!
Reactivating autopickup.
You sock the shadow!
You destroy the shadow!
Trog accepts your kill.
You can now call upon Trog for regeneration and willpower.
Your Fighting skill increases to level 9!
There is an open door to the Dungeon, spattered with blood here.
Items here: ) [ ††.
Okay, then.
You start resting.
You feel yourself speed up.
You start resting.
HP restored.
You open the door.
A komodo dragon, a vampire mosquito, a boulder beetle, a deep elf pyromancer and 2 centaur warriors come into view.
The komodo dragon hisses angrily.
The centaur warrior shouts!
The vampire mosquito buzzes angrily.
The deep elf pyromancer shouts!
You feel yourself speed up. The komodo dragon bites you!!
Your skin crawls.
You feel strong-willed. The komodo dragon bites you!
A red film seems to cover your vision as you go berserk!
You feel yourself moving faster!
You feel mighty!
You sock the komodo dragon!
The komodo dragon is moderately wounded.
The komodo dragon bites you!!
* * * LOW HITPOINT WARNING * * *
The boulder beetle leaps!
You thump the komodo dragon!
The komodo dragon is severely wounded.
The komodo dragon bites you!!
* * * LOW HITPOINT WARNING * * *
The boulder beetle curls into a ball and begins rolling!
You barely miss the komodo dragon. Your claw misses the komodo dragon.
The komodo dragon is severely wounded.
The komodo dragon bites you!!
You die... ▓▓▓▓▓▓▓▓▓▓▓▓▓▓▓▓▓▓▓▓▓▓▓▓ '.?).[[[..).....@lccye°B ▓▓▓▓▓▓▓▓▓▓▓▓▓▓▓▓▓▓▓▓▓▓▓▓

You could see a boulder beetle (rolling), 2 centaur warriors, a komodo dragon, a deep elf pyromancer and a vampire mosquito.

Vanquished Creatures
  A shadow (D)
  2 wraiths (D)
  A yak (D)
  An orc warrior (D)
  A centaur (D)
  3 scorpions (D)
  A howler monkey (D)
  A ball python (D)
  2 bats (D)
  A bat skeleton (D)
  An endoplasm (D)
  A quokka (D)
16 creatures vanquished.

Notes
Turn   | Place    | Note
-------+----------+-------------------------------------------
     0 | D        | SmokeWeed the Troll Warper began the quest for the Orb.
     0 | D        | Reached XP level 1. HP: 19/19 MP: 1/1
    27 | D        | Noticed a scorpion
    27 | D        | Noticed a scorpion
    27 | D        | Noticed a scorpion
    27 | D        | Noticed a centaur
    33 | D        | Killed a scorpion
    34 | D        | Reached skill level 2 in Fighting
    34 | D        | Reached skill level 1 in Throwing
    34 | D        | Reached XP level 2. HP: 28/28 MP: 2/4
    34 | D        | Reached XP level 3. HP: 35/35 MP: 2/5
    36 | D        | Killed a scorpion
    37 | D        | Reached skill level 5 in Translocations
    37 | D        | Reached XP level 4. HP: 44/44 MP: 2/6
    39 | D        | Killed a scorpion
    40 | D        | Reached skill level 5 in Unarmed Combat
    40 | D        | Reached XP level 5. HP: 52/52 MP: 2/7
    42 | D        | Killed a centaur
    43 | D        | Reached skill level 3 in Fighting
    43 | D        | Reached skill level 5 in Dodging
    54 | D        | Found a snail-covered altar of Cheibriados.
    54 | D        | Found a shadowy altar of Dithmenos.
    54 | D        | Found a white marble altar of Elyvilon.
    54 | D        | Found a blossoming altar of Fedhas.
    54 | D        | Found an opulent altar of Gozag.
    55 | D        | Found a hazy altar of Hepliaklqana.
    56 | D        | Found a viscous altar of Jiyva.
    57 | D        | Found an ancient bone altar of Kikubaaqudgha.
    58 | D        | Found a corrupted altar of Lugonu.
    59 | D        | Found a burning altar of Makhleb.
    60 | D        | Found a sparkling altar of Nemelex Xobeh.
    61 | D        | Found an iron altar of Okawaru.
    62 | D        | Found a stormy altar of Qazlal.
    63 | D        | Found a sacrificial altar of Ru.
    64 | D        | Found a shimmering blue altar of Sif Muna.
    65 | D        | Found a bloodstained altar of Trog.
    66 | D        | Found a hide-covered altar of Uskayaw.
    67 | D        | Found a radiant altar of Vehumet.
    68 | D        | Found an ornate altar of the Wu Jian Council.
    69 | D        | Found a shimmering altar of Xom.
    70 | D        | Found a basalt altar of Yredelemnul.
    71 | D        | Found a glowing silver altar of Zin.
    72 | D        | Found a glowing golden altar of the Shining One.
    73 | D        | Became a worshipper of Trog the Wrathful
    89 | D        | Got the +2 morningstar "Buesuirgh" {vorpal, *Corrode rElec
                  | rF++ Stlth-}
   102 | D        | Noticed a wraith
   102 | D        | Noticed an orc warrior
   102 | D        | Noticed a yak
   102 | D        | Noticed a wraith
   102 | D        | Noticed a shadow
   105 | D        | Reached XP level 6. HP: 58/61 MP: 9/9
   110 | D        | Killed a wraith
   111 | D        | Reached skill level 4 in Fighting
   122 | D        | Killed an orc warrior
   122 | D        | Reached * piety under Trog
   123 | D        | Reached skill level 5 in Fighting
   123 | D        | Reached XP level 7. HP: 25/72 MP: 10/10
   125 | D        | Killed a yak
   126 | D        | Reached skill level 7 in Fighting
   130 | D        | Killed a wraith
   130 | D        | HP: 3/78 [something (25)]
   131 | D        | Reached skill level 8 in Fighting
   134 | D        | Killed a shadow
   134 | D        | Reached ** piety under Trog
   135 | D        | Reached skill level 9 in Fighting
   181 | D        | Noticed a komodo dragon
   181 | D        | Noticed a centaur warrior
   181 | D        | Noticed a centaur warrior
   181 | D        | Noticed a vampire mosquito
   181 | D        | Noticed a deep elf pyromancer
   181 | D        | Noticed a boulder beetle
   187 | D        | Mangled by a komodo dragon

Illustrated notes

Levels and vault maps discovered:
D:        linesprint [early_d, line_temple, items_1, d_10, items_2, lair_1,
          lair_end, items_3, orc_1, orc_end, items_4, d_15, swamp_1, shoals_1,
          snake_1, spider_1, d_20, vaults_1, items_5, swamp_end, shoals_end,
          snake_end, spider_end, vaults_end, d_27, items_6, zot_1, zot_end,
          crypt_end, forest_end, elf_end, slime_end, tomb_end, abyss_end,
          pan_hell_end]

Skill      XL: |  1  2  3  4  5  6  7 |
---------------+----------------------+-----
Dodging        | 3 4 5 6 |  6.6
Fighting       | 2 3 5 9 |  9.2
Throwing       | 1 |  1.6
Unarmed Combat | 3 4 5 6 7 |  7.3
Spellcasting   | 2 |  2.9
Translocations | 4 5 6 |  6.1
Maces & Flails | 2 |  2.1

Action                   |  1- 3 |  4- 6 |  7- 9 || total
-------------------------+-------+-------+-------++-------
Melee: Unarmed           |    24 |     6 |       ||    30
       Morningstar       |       |    19 |    13 ||    32
       Punch             |       |       |     3 ||     3
Invok: Berserk           |       |       |     1 ||     1
       Trog's Hand       |       |       |     1 ||     1
  Use: Potion            |     2 |     2 |     3 ||     7
Armor: Robe              |     7 |     4 |     3 ||    14
Dodge: Dodged            |    13 |    18 |     7 ||    38

Table legend: (Time is in decaauts)
 A = Elapsed time spent in this place.
 B = Non-inter-level travel time spent in this place.
 C = Inter-level travel time spent in this place.
 D = Time resting spent in this place.
 E = Time spent auto-exploring this place.
 F = Levels seen in this place.
 G = Mean time per level.
                   A        B        C        D        E       F      G
               +--------+--------+--------+--------+--------+-----+--------+
         Total |    223 |    223 |      0 |     42 |      0 |   1 |  223.0 |
       Dungeon |    223 |    223 |      0 |     42 |      0 |   1 |  223.0 |
               +--------+--------+--------+--------+--------+-----+--------+

Top non-repeatable levels by time:
       D: 223 daAuts
